 Seeded DCSS version 0.30.1-4-g462c640d31 (webtiles) character file.

Game seed: 6351066067085065685 (custom seed)

2918 Esekla the Thaumaturge (level 9, 0/45 HPs)
             Began as a Deep Elf Necromancer on Aug 14, 2023.
             Was a Priest of Vehumet.
             Killed from afar by a white imp (7 damage)
             ... with a puff of frost
             ... on level 8 of the Dungeon on Aug 15, 2023.
             The game lasted 00:34:12 (6583 turns).

Esekla the Thaumaturge (Deep Elf Necromancer)       Turns: 6583, Time: 00:34:12

Health: 0/45       AC:  5    Str:  5    XL:     9   Next: 50%
Magic:  24/24      EV: 15    Int: 25    God:    Vehumet [***...]
Gold:   398        SH:  0    Dex: 18    Spells: 10/26 levels left

rFire   . . .        s - +5 rapier of the Hero {heavy, rN+ Dex+3}
rCold   . . .        (no shield)
rNeg    + . .        o - +0 robe
rPois   .            h - +0 helmet
rElec   .            I - +0 cloak
rCorr   .            k - +0 pair of gloves
SInv    .            (no boots)
Will    .....        D - amulet of magic regeneration
Stlth   +++          (no ring)
HPRegen 0.27/turn    (no ring)
MPRegen 0.59/turn

%: no passive effects
@: no status effects
A: no striking features
a: Renounce Religion


You were on level 8 of the Dungeon.
You worshipped Vehumet.
Vehumet was most pleased with you.
You visited 1 branch of the dungeon, and saw 8 of its levels.

You collected 398 gold pieces.

Inventory:

Hand Weapons
 a - a +4 scimitar
 r - a +4 trident of venom
 s - the +5 rapier of the Hero (weapon) {heavy, rN+ Dex+3}
   (You found it on level 3 of the Dungeon)

   Dex:       It affects your dexterity (+3).
   rN:        It protects you from negative energy.
Missiles
 t - 21 poisoned darts (quivered)
 C - 5 curare-tipped darts
Armour
 h - a +0 helmet (worn)
 k - a +0 pair of gloves (worn)
 o - a +0 robe (worn)
 I - a +0 cloak (worn)
 J - a +0 buckler
Jewellery
 D - an amulet of magic regeneration (around neck)
Wands
 y - a wand of flame (9)
 F - a wand of roots (15)
 H - a wand of mindburst (9)
Scrolls
 e - 3 scrolls of fear {unknown}
 f - 8 scrolls of identify {unknown}
 m - 2 scrolls of amnesia {unknown}
 n - a scroll of immolation {unknown}
 p - 5 scrolls of blinking {unknown}
 u - 2 scrolls of fog {unknown}
 v - a scroll of enchant armour {unknown}
 w - 3 scrolls of enchant weapon {unknown}
 x - a scroll of summoning {unknown}
 z - a scroll of magic mapping {unknown}
 B - a scroll of silence {unknown}
 E - 2 scrolls of teleportation {unknown}
 G - 2 scrolls of poison {unknown}
Potions
 b - a potion of magic
 c - 2 potions of heal wounds {unknown}
 d - 3 potions of ambrosia {unknown}
 g - 2 potions of haste {unknown}
 i - a potion of mutation {unknown}
 j - 3 potions of curing
 l - 6 potions of attraction {unknown}
 q - 3 potions of brilliance {unknown}
 A - a potion of lignification {unknown}


   Skills:
 + Level 3.3 Short Blades
 + Level 0.1(1.8) Long Blades
 + Level 1.8 Throwing
 * Level 6.1 Dodging
 + Level 4.0 Stealth
 * Level 0.9 Shields
 * Level 9.0 Spellcasting
 * Level 1.2 Conjurations
 * Level 9.0 Necromancy
 * Level 3.8 Translocations
 * Level 1.3 Fire Magic
 * Level 3.1 Air Magic
 + Level 3.6 Poison Magic
 + Level 0.6 Evocations


You had 10 spell levels left.
You knew the following spells:

 Your Spells              Type           Power      Damage    Failure   Level
a - Necrotise             Necr           100%       1d9       1%          1
b - Kiss of Death         Conj/Necr      100%       2d13      1%          1
c - Momentum Strike       Conj/Tloc      48%        3d9       1%          2
d - Vampiric Draining     Necr           54%        2d9       1%          3
t - Teleport Other        Tloc           30%        N/A       3%          3
v - Poisonous Vapours     Pois/Air       56%        N/A       1%          2
y - Sticky Flame          Conj/Fire      17%        2d4       9%          4

Your spell library contained the following spells:

 Spells                   Type           Power      Damage    Failure   Level
 Lesser Beckoning         Tloc           60%        N/A       1%          2
 Animate Dead             Necr           54%        N/A       1%          4
 Gell's Gravitas          Tloc           30%        N/A       3%          3
 Agony                    Necr           54%        N/A       3%          5
 Spider Form              Tmut/Pois      20%        N/A       8%          3
 Cause Fear               Hex            5%         N/A       47%         4
 Summon Mana Viper        Hex/Summ       11%        N/A       83%         5


Dungeon Overview and Level Annotations

Branches:
Dungeon (8/15)             Temple (0/1) D:6
   Lair: D:8-11

Altars:
Dithmenos
Fedhas
Hepliaklqana
Okawaru
Qazlal
Trog
Vehumet
Zin
The Shining One

Shops:
D:2 =   D:4 (

Annotations:
D:7 Joseph


Message History

You barely miss the shadow imp. The shadow imp completely misses you.
You hit the shadow imp.
The shadow imp is lightly wounded.
The shadow imp hits you. x2
You puncture the shadow imp!
The shadow imp is almost dead.
The shadow imp hits you. x2
An orc priest comes into view. It is wielding a +0 hand axe.
You barely miss the shadow imp.
The shadow imp is almost dead.
The shadow imp barely misses you.
You hit the shadow imp.
You kill the shadow imp!
Vehumet accepts your kill.
An orc priest comes into view. It is wielding a +0 flail.
The white imp hits you but does no damage.
Casting: Poisonous Vapours (safe; 1% risk of failure)
Confirm with . or Enter, or press ? or * to list all spells.
Aiming: Poisonous Vapours (safe; 1% risk of failure)
Press: ? - help, Dir - move target, f - orc priest
Aim: an orc priest, wielding a +0 flail (wandering, hasn't noticed you) Poisonous vapours surround the orc priest!
The orc priest is poisoned.
The orc priest shouts!
You hear a shout!
An orc comes into view. It is wielding a +0 dagger.
The white imp gestures at you. The puff of frost misses you.
You completely miss the white imp. The white imp gestures at you.
The puff of frost hits you.
You puncture the white imp!
You punch the white imp, but do no damage.
The white imp is heavily wounded.
The white imp hits you. The white imp freezes you.
The orc priest calls down the wrath of Beogh upon you.
Beogh smites you!
* * * LOW HITPOINT WARNING * * *
The white imp gestures at you. The puff of frost hits you!
You die...

........# ........#
........# ......o.#
........### #...o.#
........#)###
#.####..#.)5######.#
....####@......#
##...# #.#######
....# #.# #...## #..
###. .... ####. ..
.# #


You could see an orc priest (very poisoned), a white imp and an orc (wandering).

Vanquished Creatures
  Pikel (D:6)
  A steam dragon (D:8)
  A wyvern (D:7)
  Menkaure (D:7)
  An ice beast (D:6)
  A sky beast (D:6)
  2 black bears
  2 ogres
  A centaur (D:7)
  A phantom (D:7)
  Blork the orc (D:6)
  A kobold brigand (D:6)
  A gnoll sergeant (D:7)
  A bullfrog (D:7)
  2 scorpions (D:5)
  3 wights (D:7)
  A gnoll bouda (D:4)
  5 hounds
  A jelly (D:6)
  Crazy Yiuf (D:7)
  A sleepcap (D:5)
  5 iguanas
  2 orc wizards
  15 gnolls
  9 adders
  A shadow imp (D:8)
  5 white imps
  2 ufetubi
  A worm (D:4)
  3 dart slugs
  19 orcs
  6 ball pythons
  4 endoplasms
  8 goblins
  5 hobgoblins
  A quokka (D:1)
  4 bats
  4 frilled lizards
  12 kobolds
  A rat (D:2)
137 creatures vanquished.

Notes
Turn   | Place    | Note
-------+----------+-------------------------------------------
     0 | D:1      | Esekla the Deep Elf Necromancer began the quest for the
                  | Orb.
     0 | D:1      | Reached XP level 1. HP: 10/10 MP: 6/6
   208 | D:1      | Reached skill level 5 in Necromancy
   380 | D:2      | Noticed a black bear
   508 | D:4      | Found an iron altar of Okawaru.
   520 | D:4      | Found a glowing silver altar of Zin.
   588 | D:4      | Found a radiant altar of Vehumet.
   597 | D:4      | Found a glowing golden altar of the Shining One.
   612 | D:4      | Became a worshipper of Vehumet
   684 | D:3      | Reached XP level 2. HP: 15/15 MP: 8/8
  1004 | D:3      | Identified the +5 rapier of the Hero {heavy, rN+ Dex+3}
  1023 | D:2      | Found Renulab's Jewellery Shop.
  1209 | D:2      | Reached XP level 3. HP: 15/19 MP: 9/9
  1213 | D:2      | Learned a level 3 spell: Vampiric Draining
  1290 | D:1      | Reached * piety under Vehumet
  1290 | D:1      | Offered knowledge of Kiss of Death by Vehumet.
  1298 | D:1      | Learned a level 1 spell: Kiss of Death
  1324 | D:1      | Learned a level 3 spell: Teleport Other
  1618 | D:2      | Reached skill level 1 in Short Blades
  1678 | D:2      | Found a faded altar of an unknown god.
  1736 | D:2      | Reached XP level 4. HP: 17/24 MP: 3/11
  2073 | D:3      | Found a stormy altar of Qazlal.
  2076 | D:3      | Found a hazy altar of Hepliaklqana.
  2076 | D:3      | Found a bloodstained altar of Trog.
  2091 | D:3      | Reached XP level 5. HP: 28/28 MP: 13/13
  2439 | D:2      | Killed a black bear
  2440 | D:2      | Reached skill level 1 in Translocations
  2871 | D:4      | Found Ponaysk's Antique Weapon Boutique.
  3076 | D:4      | Reached XP level 6. HP: 32/32 MP: 12/14
  3174 | D:5      | Entered Level 5 of the Dungeon
  3410 | D:5      | Reached ** piety under Vehumet
  3410 | D:5      | Offered knowledge of Poisonous Vapours by Vehumet.
  3414 | D:5      | Learned a level 2 spell: Poisonous Vapours
  3509 | D:5      | Reached skill level 5 in Spellcasting
  3646 | D:5      | Reached skill level 1 in Poison Magic
  3692 | D:5      | Reached XP level 7. HP: 31/36 MP: 16/16
  4216 | D:5      | Got the Parchment of the Lumpy Olives
  4225 | D:5      | Found a shadowy altar of Dithmenos.
  4303 | D:5      | Reached skill level 1 in Air Magic
  4382 | D:5      | Offered knowledge of Momentum Strike by Vehumet.
  4389 | D:5      | Learned a level 2 spell: Momentum Strike
  4626 | D:6      | Noticed Pikel
  4669 | D:6      | Noticed Blork the orc
  4788 | D:6      | Found a blossoming altar of Fedhas.
  4816 | D:6      | Reached XP level 8. HP: 36/41 MP: 17/19
  4824 | D:6      | Reached skill level 5 in Dodging
  4942 | D:6      | Found a staircase to the Ecumenical Temple.
  5029 | D:6      | Reached *** piety under Vehumet
  5409 | D:6      | Killed Blork the orc
  5576 | D:7      | Noticed Menkaure
  5583 | D:7      | Killed Menkaure
  5773 | D:7      | Found a runed translucent door.
  5774 | D:7      | Noticed Crazy Yiuf
  5782 | D:7      | Killed Crazy Yiuf
  6045 | D:7      | Offered knowledge of Sticky Flame by Vehumet.
  6051 | D:7      | Learned a level 4 spell: Sticky Flame
  6115 | D:7      | Reached skill level 1 in Throwing
  6115 | D:7      | Reached XP level 9. HP: 45/45 MP: 23/23
  6135 | D:7      | Noticed Joseph
  6443 | D:6      | Killed Pikel
  6444 | D:6      | Reached skill level 1 in Conjurations
  6444 | D:6      | Reached skill level 1 in Fire Magic
  6583 | D:8      | Killed from afar by a white imp

Illustrated notes

Levels and vault maps discovered:
D:1:      sevenhm_arrival_forest_fort_small_3, layout_rooms,
          chequers_serial_rivers_room_b, minmay_misc_feat_five
D:2:      layout_loops_ring, dreamdust_ecumenical_altar_angels_and_demons,
          serial_shops, shop
D:3:      layout_basic, grunt_temple_overflow_open, minmay_misc_feat_iff
D:4:      layout_basic, nicolae_overflow_quartered_altars, serial_shops,
          nicolae_diamond_shop
D:5:      layout_loops_ring, lemuel_doored_altar, minmay_misc_feat_rows,
          dreamdust_wishing_well
D:6:      layout_loops_cross, fedhas_altar_fruit_tree,
          minmay_temple_entry_glass, uniq_pikel, uniq_blork_the_orc
D:7:      layout_basic, uniq_menkaure, uniq_joseph, uniq_crazy_yiuf_cottage
D:8:      layout_basic, nicolae_uskayaw_dance_hall, serial_demonic,
          serial_demonic_d, serial_demonic_a, serial_demonic_c,
          serial_demonic_c, nicolae_diode_quadrants

Skill      XL: |  1  2  3  4  5  6  7  8  9 |
---------------+----------------------------+-----
Necromancy     | 5 6 7 8 9 |  9.0
Dodging        | 3 4 5 6 |  6.1
Short Blades   | 1 2 3 |  3.3
Stealth        | 3 4 |  4.0
Spellcasting   | 4 5 6 8 9 |  9.0
Translocations | 1 2 3 |  3.8
Poison Magic   | 1 2 3 |  3.6
Air Magic      | 1 2 3 |  3.1
Throwing       | 1 |  1.8
Conjurations   | 1 |  1.2
Fire Magic     | 1 |  1.3
Long Blades    | |  0.1
Shields        | |  0.9
Evocations     | |  0.6

Action                     |  1- 3 |  4- 6 |  7- 9 || total
---------------------------+-------+-------+-------++-------
  Melee: Short sword       |    48 |       |       ||    48
         Unarmed           |     9 |       |       ||     9
         Rapier            |    40 |    57 |   103 ||   200
         Punch             |     1 |     1 |     3 ||     5
         Scimitar          |       |       |     5 ||     5
  Throw: Dart              |     1 |    11 |    16 ||    28
   Cast: Vampiric Draining |     5 |    23 |    57 ||    85
         Teleport Other    |       |       |    13 ||    13
         Poisonous Vapours |       |       |     6 ||     6
  Evoke: Wand              |       |       |    12 ||    12
    Use: Potion            |       |       |     3 ||     3
   Stab: Sleeping          |     7 |     5 |     4 ||    16
 Armour: Robe              |    23 |    16 |    28 ||    67
  Dodge: Dodged            |    66 |    79 |   120 ||   265
